 Dungeon Crawl Stone Soup version 0.27-a0-1193-g8631133539 (webtiles) character file.

Game seed: 9622526280405356379

368 avis the Grave Robber (level 6, 0/49 HPs)
             Began as a Deep Dwarf Necromancer on May 27, 2021.
             Killed by divine providence
             ... invoked by an orc priest
              (8 damage)
             ... on level 5 of the Dungeon.
             The game lasted 00:29:21 (4540 turns).

avis the Grave Robber (Deep Dwarf Necromancer)      Turns: 4540, Time: 00:29:22

Health: 0/49       AC: 14    Str: 11    XL:     6   Next: 41%
Magic:  2/18 (9)   EV: 12    Int: 18    God:
Gold:   0          SH:  0    Dex: 13    Spells: 2/9 levels left

rFire    . . .     SeeInvis .   w - +2 dagger (protect)
rCold    + + .     Faith    .   (no shield)
rNeg     . . .     Spirit   .   D - +2 leather armour {rC+}
rPois    .         Reflect  .   E - +0 helmet
rElec    .         Harm     .   I - +0 cloak
rCorr    .         Rampage  .   (no gloves)
Will     .....                  (no boots)
Stlth    ++........             (no amulet)
HPRegen  0.00/turn              j - ring of magical power
MPRegen  0.16/turn              o - ring of protection from cold

@: under a protective aura
A: damage resistance, heal wounds, sense surroundings 1, no regeneration
a: Heal Wounds


You were on level 5 of the Dungeon.
You visited 1 branch of the dungeon, and saw 5 of its levels.

You collected 231 gold pieces.
You spent 231 gold pieces at shops.

Inventory:

Hand Weapons
 a - a +1 dagger of venom
 b - a +0 hunting sling
 k - a +1 dagger of freezing
 r - a +0 flail
 w - a +2 dagger of protection (weapon)
 y - a +0 hand axe
Missiles
 i - 3 javelins (quivered)
 q - 50 stones
 x - 25 sling bullets
 z - 2 boomerangs
 F - 14 poisoned darts
Armour
 B - a +0 ring mail
 D - a +2 leather armour of cold resistance (worn)
 E - a +0 helmet (worn)
 I - a +0 cloak (worn)
Magical Staves
 K - a staff of air
Jewellery
 j - a ring of magical power (left hand)
 o - a ring of protection from cold (right hand)
 G - a +6 ring of dexterity
Wands
 A - a wand of polymorph (9)
 C - a wand of acid (6)
 J - a wand of iceblast (4)
Scrolls
 c - 2 scrolls of teleportation
 d - a scroll of brand weapon {unknown}
 e - 2 scrolls of noise {unknown}
 g - 2 scrolls of amnesia {unknown}
 h - 4 scrolls of identify {unknown}
 m - 3 scrolls of blinking {unknown}
 s - a scroll of immolation
 u - a scroll of enchant armour {unknown}
 v - a scroll of fear {unknown}
 H - a scroll of holy word {unknown}
 L - a scroll of magic mapping
Potions
 f - 2 potions of cancellation {unknown}
 l - a potion of haste {unknown}
 n - 2 potions of curing {unknown}
 p - 3 potions of attraction {unknown}
 t - a potion of ambrosia {unknown}


   Skills:
 + Level 4.1 Dodging
 - Level 3.0 Stealth
 - Level 2.0 Spellcasting
 * Level 7.0 Necromancy
 + Level 1.7 Translocations
 + Level 1.4 Evocations


You had 2 spell levels left.
You knew the following spells:

 Your Spells              Type           Power      Damage    Failure   Level
a - Pain                  Necr           100%       1d9       1%          1
b - Blink                 Tloc           N/A        N/A       17%         2
c - Animate Skeleton      Necr           54%        N/A       1%          1
d - Vampiric Draining     Necr           13%        2d7       4%          3

Your spell library contained the following spells:

 Spells                   Type           Power      Damage    Failure   Level
 Beastly Appendage        Tmut           2%         N/A       24%         1
 Magic Dart               Conj           4%         1d3       24%         1
 Call Imp                 Summ           1%         N/A       34%         2
 Slow                     Hex            1%         N/A       34%         2
 Wereblood                Tmut           1%         N/A       34%         2
 Animate Dead             Necr           13%        N/A       13%         4
 Gell's Gravitas          Tloc           4%         N/A       34%         3
 Agony                    Necr           27%        N/A       36%         5
 Confusing Touch          Hex            1%         N/A       56%         3
 Conjure Flame            Conj/Fire      1%         6-21      56%         3
 Mephitic Cloud           Conj/Pois/Air  1%         N/A       56%         3
 Spider Form              Tmut/Pois      0%         N/A       56%         3
 Ice Form                 Ice/Tmut       1%         N/A       93%         4
 Petrify                  Tmut/Erth      1%         N/A       93%         4
 Hydra Form               Tmut           0%         N/A       100%        5
 Metabolic Englaciation   Hex/Ice        0%         N/A       100%        5
 Yara's Violent Unravell  Hex/Tmut       0%         3d3       100%        5


Dungeon Overview and Level Annotations

Branches:
Dungeon (5/15)
 Temple: D:4-7

Altars:
Xom

Shops:
D:4 *   D:5 ?


Innate Abilities, Weirdness & Mutations

You are resistant to damage.
You can heal yourself by infusing magical energy.
You passively map a small area around you.
You do not regenerate.


Message History

You miss something. Something completely misses you.
You miss something.
Reactivating autopickup.
You feel a bit more experienced.
Your Necromancy skill increases to level 7!
Your +1 dagger of venom stops dripping with poison.
Your +2 dagger of protection hums with potential!
w - a +2 dagger of protection (weapon)
The orc priest invokes the aid of Beogh against you.
Beogh smites you!
You hit the orc priest.
Your weapon exudes an aura of protection.
The orc priest is moderately wounded.
The orc priest mumbles some strange prayers to Beogh against you.
Beogh smites you!
* * * LOW HITPOINT WARNING * * *
The orc priest calls down the wrath of Beogh upon you.
You resist with significant effort.
Casting: Vampiric Draining (dangerous; 4% risk of failure)
Confirm with . or Enter, or press ? or * to list all spells.
Aiming: Vampiric Draining (dangerous; 4% risk of failure)
Press: ? - help, Shift-Dir - straight line, f - orc priest
Aim: an orc priest, wielding a +0 dagger (moderately wounded)
You draw life force from the orc priest.
You feel life coursing into your body.
The orc priest hits you with a +0 dagger.
* * * LOW HITPOINT WARNING * * *
Casting: Vampiric Draining (dangerous; 4% risk of failure)
Confirm with . or Enter, or press ? or * to list all spells.
Aiming: Vampiric Draining (dangerous; 4% risk of failure)
Press: ? - help, Shift-Dir - straight line, f/p - orc priest
Aim: an orc priest, wielding a +0 dagger (heavily wounded)
You draw life force from the orc priest!
You feel life coursing into your body. The orc priest barely misses you.
Unknown command.
You hit the orc priest but do no damage.
The orc priest is almost dead.
The orc priest mumbles some strange prayers to Beogh against you.
Beogh smites you!
You die...

#∩# #.# * #.# *
#.# * * #.# * ## *
##.## * #..,
##...##
#...###.....##* *
#..oo@..........
......#####.######
.##.#.* *###
...#.* * * .##...*
, ,#.... ,
#.#....## ≈
#.......# ,*,
*#......<#* ,


You could see 2 orc priests.

Vanquished Creatures
  A water moccasin skeleton (D:5)
  A hound (D:3)
  A jelly (D:4)
  An orc priest (D:3)
  4 orc wizards
  Robin (D:4)
  4 adders
  A worm (D:2)
  2 dart slugs
  9 orcs
  3 bats
  4 endoplasms
  12 goblins
  7 hobgoblins
  7 jackals (D:2)
  A quokka (D:2)
  4 ball pythons
  3 frilled lizards
  4 kobolds
  3 rats
73 creatures vanquished.

Notes
Turn   | Place    | Note
-------+----------+-------------------------------------------
     0 | D:1      | avis the Deep Dwarf Necromancer began the quest for the
                  | Orb.
     0 | D:1      | Reached XP level 1. HP: 15/15 MP: 3/3
     2 | D:1      | Learned a level 1 spell: Animate Skeleton
   517 | D:1      | Reached XP level 2. HP: 22/22 MP: 4/4
   800 | D:2      | Found a shimmering altar of Xom.
   950 | D:2      | Reached skill level 5 in Necromancy
   950 | D:2      | Reached XP level 3. HP: 28/28 MP: 6/6
  1159 | D:2      | Learned a level 3 spell: Vampiric Draining
  2137 | D:3      | Found a faded altar of an unknown god.
  2197 | D:3      | Reached XP level 4. HP: 36/36 MP: 6/7
  2493 | D:3      | Reached skill level 6 in Necromancy
  2857 | D:4      | Reached XP level 5. HP: 36/42 MP: 5/8
  2994 | D:4      | Learned a level 2 spell: Blink
  3067 | D:4      | Found Xefan's Assorted Antiques.
  3078 | D:4      | Bought a dyed leather armour for 140 gold pieces
  3132 | D:4      | Noticed Robin
  3374 | D:4      | Killed Robin
  3601 | D:4      | Reached skill level 1 in Translocations
  4234 | D:5      | Entered Level 5 of the Dungeon
  4481 | D:5      | Found Ciogi's Magic Scroll Emporium.
  4498 | D:5      | Bought a scroll of magic mapping for 49 gold pieces
  4498 | D:5      | Bought a scroll of teleportation for 42 gold pieces
  4517 | D:5      | Reached XP level 6. HP: 46/49 MP: 9/9
  4524 | D:5      | Reached skill level 1 in Evocations
  4536 | D:5      | Reached skill level 7 in Necromancy
  4540 | D:5      | Killed from afar by an orc priest

Illustrated notes

Levels and vault maps discovered:
D:1:      dpeg_arrival_stonehenge_8_columns, layout_basic
D:2:      layout_basic, basic_altar, minmay_box_of_dots
D:3:      layout_loops_ring, hellmonk_ecumenical_altar_blasted
D:4:      layout_gridville, serial_shops, shop, uniq_robin
D:5:      layout_loops_corners, serial_shops, shop,
          ebering_ghost_reflecting_pool

Skill      XL: |  1  2  3  4  5  6 |
---------------+-------------------+-----
Spellcasting   | 2 |  2.0
Necromancy     | 5 6 7 |  7.0
Stealth        | 3 |  3.0
Dodging        | 3 4 |  4.1
Translocations | 1 |  1.7
Evocations     | 1 |  1.4

Action                   |  1- 3 |  4- 6 || total
-------------------------+-------+-------++-------
Melee: Dagger            |       |    28 ||    28
       Hand axe          |       |     3 ||     3
 Fire: Hunting sling     |     2 |     1 ||     3
Throw: Javelin           |     1 |       ||     1
 Cast: Pain              |    69 |    44 ||   113
       Animate Skeleton  |    15 |    18 ||    33
       Vampiric Draining |     1 |    23 ||    24
Armor: Robe              |     1 |     1 ||     2
       Leather armour    |       |    23 ||    23
Dodge: Dodged            |     5 |    40 ||    45

Table legend: (Time is in decaauts)
 A = Elapsed time spent in this place.
 B = Non-inter-level travel time spent in this place.
 C = Inter-level travel time spent in this place.
 D = Time resting spent in this place.
 E = Time spent auto-exploring this place.
 F = Levels seen in this place.
 G = Mean time per level.
                   A        B        C        D        E       F      G
               +--------+--------+--------+--------+--------+-----+--------+
         Total |   4550 |   4079 |    471 |   1031 |   2177 |   5 |  910.0 |
       Dungeon |   4550 |   4079 |    471 |   1031 |   2177 |   5 |  910.0 |
               +--------+--------+--------+--------+--------+-----+--------+

Top non-repeatable levels by time:
     D:4: 1365 daAuts
     D:3: 1097 daAuts
     D:2: 1016 daAuts
     D:1: 899 daAuts
     D:5: 171 daAuts
